 Dungeon Crawl Stone Soup version 0.30.1-4-g462c640d31 (webtiles) character file.

Game seed: 11329272893346656508

186 rvierbuc the Sneak (level 5, 0/43 HPs)
             Began as a Gnoll Wanderer on Aug 21, 2023.
             Slain by a scorpion (3 damage)
             ... on level 4 of the Dungeon.
             The game lasted 00:06:58 (2773 turns).

rvierbuc the Sneak (Gnoll Wanderer)                 Turns: 2773, Time: 00:06:59

Health: 0/43       AC:  4    Str: 11    XL:     5   Next: 65%
Magic:  7/7        EV: 13    Int: 10    God:
Gold:   139        SH:  0    Dex: 15    Spells: 7/7 levels left

rFire   . . .        a - +0 shortbow
rCold   . . .        (shield currently unavailable)
rNeg    . . .        e - +0 robe
rPois   .            c - +0 helmet
rElec   .            k - +0 cloak
rCorr   .            (no gloves)
SInv    .            (no boots)
Will    +....        (no amulet)
Stlth   +++          n - ring of willpower
HPRegen 0.27/turn    (no ring)
MPRegen 0.10/turn

%: no passive effects
@: lethally poisoned (0 -> -5)
A: fangs 1, strong nose, distributed training
a: no special abilities


You were on level 4 of the Dungeon.
You visited 1 branch of the dungeon, and saw 4 of its levels.

You collected 139 gold pieces.

Inventory:

Hand Weapons
 a - a +0 shortbow (weapon)
 b - a +0 hand axe
 f - a +0 shortbow
 x - a +2 dagger of venom
Armour
 c - a +0 helmet (worn)
 e - a +0 robe (worn)
 k - a +0 cloak (worn)
 m - a +0 leather armour
Jewellery
 n - a ring of willpower (left hand)
 p - a ring of wizardry
 y - an amulet of faith
Scrolls
 d - 2 scrolls of fear
 g - a scroll of immolation {unknown}
 h - 2 scrolls of amnesia {unknown}
 i - 4 scrolls of identify {unknown}
 q - a scroll of poison {unknown}
 r - 2 scrolls of silence {unknown}
 s - a scroll of enchant weapon {unknown}
 t - a scroll of vulnerability {unknown}
 u - a scroll of enchant armour {unknown}
 w - a scroll of fog {unknown}
 z - 2 scrolls of teleportation {unknown}
Potions
 j - a potion of ambrosia {unknown}
 l - a potion of lignification {unknown}
 o - 3 potions of attraction {unknown}
 v - 2 potions of curing {unknown}
 A - a potion of resistance {unknown}


   Skills:
 + Level 4.8 Fighting
 + Level 1.6 Short Blades
 + Level 1.6 Long Blades
 + Level 3.1 Axes
 + Level 1.6 Maces & Flails
 + Level 1.6 Polearms
 + Level 1.6 Staves
 + Level 4.8 Ranged Weapons
 + Level 1.6 Throwing
 + Level 3.1 Armour
 + Level 3.1 Dodging
 + Level 6.2 Stealth
 + Level 1.6 Shields
 + Level 1.6 Unarmed Combat
 + Level 1.6 Spellcasting
 + Level 1.3 Conjurations
 + Level 1.3 Hexes
 + Level 1.3 Summonings
 + Level 1.3 Necromancy
 + Level 1.3 Translocations
 + Level 1.3 Transmutations
 + Level 1.3 Fire Magic
 + Level 1.3 Ice Magic
 + Level 1.3 Air Magic
 + Level 1.3 Earth Magic
 + Level 1.3 Poison Magic
 + Level 1.9 Invocations
 + Level 1.6 Evocations


You had 7 spell levels left.
You didn't know any spells.
Your spell library contained the following spells:

 Spells                   Type           Power      Damage    Failure   Level
 Sandblast                Erth           6%         2d5       19%         1
 Cigotuvi's Dreadful Rot  Necr/Pois/Air  6%         N/A       28%         2
 Passwall                 Tmut/Erth      2%         N/A       28%         2
 Ignite Poison            Fire/Tmut/Pois 3%         N/A       50%         3
 Stone Arrow              Conj/Erth      6%         3d7       50%         3
 Dispel Undead            Necr           3%         3d7       88%         4
 Freezing Cloud           Conj/Ice/Air   1%         6-21      99%         5
 Death Channel            Necr           1%         N/A       100%        6


Dungeon Overview and Level Annotations

Branches:
Dungeon (4/15)
 Temple: D:4-7

Altars:
Wu Jian


Innate Abilities, Weirdness & Mutations

You have very sharp teeth.
Your uncanny sense of smell can sniff out nearby items.
Your experience applies equally to all skills.


Message History

The arrow hits the scorpion but does no damage.
The scorpion is heavily wounded.
The scorpion stings you. The scorpion barely misses you.
You shoot an arrow. The arrow hits the scorpion.
The scorpion is almost dead.
The scorpion stings you.
You are poisoned.
The scorpion poisons you!
You are too injured to fight recklessly!
You are too injured to fight recklessly!
You are too injured to fight recklessly!
You are too injured to fight recklessly!
You are too injured to fight recklessly!
You are too injured to fight recklessly!
There are no items here.
Fire: a) +0 shortbow
Press: ? - help, Q - select action Shift-Dir - straight line, f/p - scorpion
Aim: a scorpion (almost dead, 63% to hit)
You shoot an arrow. The arrow closely misses the scorpion.
You feel very sick. The scorpion stings you.
* * * LOW HITPOINT WARNING * * *
The scorpion misses you.
Fire: a) +0 shortbow
Press: ? - help, Q - select action Shift-Dir - straight line, f/p - scorpion
Aim: a scorpion (almost dead, 63% to hit)
You shoot an arrow. The arrow closely misses the scorpion.
* * * LOW HITPOINT WARNING * * *
You feel very sick. The scorpion stings you.
* * * LOW HITPOINT WARNING * * *
Fire: a) +0 shortbow
Press: ? - help, Q - select action Shift-Dir - straight line, f/p - scorpion
Aim: a scorpion (almost dead, 63% to hit)
You shoot an arrow.
The arrow hits the scorpion but does no damage.
The scorpion is almost dead.
* * * LOW HITPOINT WARNING * * *
You feel sick. The scorpion stings you.
You die...

### #######.#
#######.......#
#.......##...##
#.....####..##
#.........@##
#......###s#
#...<..# #.#
#......# #.#
.......##...<.#
#.###### ....##
.. ##..# . ....
∆ #


You could see a scorpion.

Vanquished Creatures
  A hound (D:3)
  Natasha (twice) (D:3)
  4 gnolls (D:2)
  An adder (D:2)
  A worm (D:2)
  A dart slug (D:2)
  4 orcs (D:3)
  5 bats
  5 endoplasms
  6 giant cockroaches
  3 hobgoblins
  2 quokkas (D:1)
  5 ball pythons
  3 frilled lizards
  6 goblins
  2 kobolds (D:1)
  3 rats
54 creatures vanquished.

Notes
Turn   | Place    | Note
-------+----------+-------------------------------------------
     0 | D:1      | rvierbuc the Gnoll Wanderer began the quest for the Orb.
     0 | D:1      | rvierbuc set off with the following items: a +0 shortbow, a
                  | +0 hand axe, a +0 helmet, a scroll of fear, a +0 robe.
     0 | D:1      | Reached XP level 1. HP: 20/20 MP: 1/1
   122 | D:1      | Reached XP level 2. HP: 26/26 MP: 2/2
   539 | D:1      | Found a faded altar of an unknown god.
   986 | D:2      | Reached XP level 3. HP: 31/31 MP: 3/3
  1040 | D:2      | Reached skill level 6 in Stealth
  1040 | D:2      | Reached skill level 1 in Invocations
  1242 | D:2      | Reached skill level 1 in Short Blades
  1242 | D:2      | Reached skill level 1 in Long Blades
  1242 | D:2      | Reached skill level 1 in Maces & Flails
  1242 | D:2      | Reached skill level 1 in Polearms
  1242 | D:2      | Reached skill level 1 in Staves
  1242 | D:2      | Reached skill level 1 in Throwing
  1242 | D:2      | Reached skill level 1 in Shields
  1242 | D:2      | Reached skill level 1 in Unarmed Combat
  1242 | D:2      | Reached skill level 1 in Spellcasting
  1242 | D:2      | Reached skill level 1 in Evocations
  1251 | D:2      | Reached XP level 4. HP: 38/38 MP: 5/5
  1258 | D:2      | Reached skill level 1 in Conjurations
  1258 | D:2      | Reached skill level 1 in Hexes
  1258 | D:2      | Reached skill level 1 in Summonings
  1258 | D:2      | Reached skill level 1 in Necromancy
  1258 | D:2      | Reached skill level 1 in Translocations
  1258 | D:2      | Reached skill level 1 in Transmutations
  1258 | D:2      | Reached skill level 1 in Fire Magic
  1258 | D:2      | Reached skill level 1 in Ice Magic
  1258 | D:2      | Reached skill level 1 in Air Magic
  1258 | D:2      | Reached skill level 1 in Earth Magic
  1258 | D:2      | Reached skill level 1 in Poison Magic
  1761 | D:3      | Reached XP level 5. HP: 43/43 MP: 5/7
  1838 | D:3      | Noticed Natasha
  1855 | D:3      | Killed Natasha
  2320 | D:3      | Noticed Natasha
  2330 | D:3      | Killed Natasha
  2536 | D:3      | Found an ornate altar of the Wu Jian Council.
  2773 | D:4      | Slain by a scorpion

Illustrated notes

Levels and vault maps discovered:
D:1:      lightli_arrival_quake, layout_basic,
          shapermc_ecumenical_altar_totnotflames
D:2:      layout_basic
D:3:      layout_loops_cross, lemuel_tele_altar, uniq_natasha
D:4:      kennysheep_big_flooded_room, layout_rooms, kennysheep_little_box,
          ashenzari_altar_1, kennysheep_orc_chapel, uniq_duvessa

Skill      XL: |  1  2  3  4  5 |
---------------+----------------+-----
Stealth        | 6 |  6.2
Invocations    | 1 |  1.9
Short Blades   | 1 |  1.6
Long Blades    | 1 |  1.6
Maces & Flails | 1 |  1.6
Polearms       | 1 |  1.6
Staves         | 1 |  1.6
Throwing       | 1 |  1.6
Shields        | 1 |  1.6
Unarmed Combat | 1 |  1.6
Spellcasting   | 1 |  1.6
Evocations     | 1 |  1.6
Conjurations   | 1 |  1.3
Hexes          | 1 |  1.3
Summonings     | 1 |  1.3
Necromancy     | 1 |  1.3
Translocations | 1 |  1.3
Transmutations | 1 |  1.3
Fire Magic     | 1 |  1.3
Ice Magic      | 1 |  1.3
Air Magic      | 1 |  1.3
Earth Magic    | 1 |  1.3
Poison Magic   | 1 |  1.3
Axes           | 3 |  3.1
Armour         | 3 |  3.1
Dodging        | 3 |  3.1
Fighting       | |  4.8
Ranged Weapons | |  4.8

Action                     |  1- 3 |  4- 6 || total
---------------------------+-------+-------++-------
   Fire: Shortbow          |    69 |   106 ||   175
 Armour: Robe              |     6 |    15 ||    21
  Dodge: Dodged            |     9 |    51 ||    60
